 Dungeon Crawl Stone Soup version 0.32-a0-18-g89e19f1974 (webtiles) character file.

Game seed: 11339031735999359048

1035 zenocrate the Sneak (level 8, 36/36 HPs)
             Began as a Vine Stalker Enchanter on Jan 17, 2024.
             Quit the game on level 5 of the Dungeon.
             The game lasted 00:06:35 (4284 turns).

zenocrate the Sneak (Vine Stalker Enchanter)        Turns: 4284, Time: 00:06:36

Health: 36/36      AC: 10    Str: 11    XL:     8   Next: 24%
Magic:  11/11      EV: 11    Int: 15    God:
Gold:   262        SH:  0    Dex: 17    Spells: 0/11 levels left

rFire   + . .        b - +1 dagger (speed)
rCold   + . .        (no shield)
rNeg    . . .        A - +4 ring mail {rPois}
rPois   +            (helmet restricted)
rElec   .            C - +0 cloak
rCorr   .            (no gloves)
SInv    .            (no boots)
Will    .....        (no amulet)
Stlth   +++          h - ring of protection from fire
HPRegen 1.06/turn    e - ring of protection from cold
MPRegen 0.12/turn

%: guardian spirit
@: about to teleport, weak-willed
A: fangs 3, regeneration 1, magic shield, antimagic bite, no potion heal 2,
horns 1, low MP 1
a: no special abilities


You were on level 5 of the Dungeon.
You visited 1 branch of the dungeon, and saw 5 of its levels.

You collected 262 gold pieces.

Inventory:

Hand Weapons
 a - a +0 rapier
 b - a +1 dagger of speed (weapon)
 x - a +1 dagger
Missiles
 p - 10 poisoned darts (quivered)
 t - 5 javelins
Armour
 y - a +1 helmet
 A - a +4 ring mail of poison resistance (worn)
 C - a +0 cloak (worn)
Jewellery
 e - a ring of protection from cold (right hand)
 h - a ring of protection from fire (left hand)
Wands
 z - a wand of polymorph (7)
Scrolls
 i - a scroll of poison
 k - 2 scrolls of revelation
Potions
 c - a potion of invisibility
 d - a potion of lignification
 f - 4 potions of curing
 g - a potion of magic
 m - a potion of enlightenment
 o - a potion of degeneration {unknown}
 q - 2 potions of attraction {unknown}
 u - 3 potions of berserk rage {unknown}
 w - a potion of haste {unknown}


   Skills:
 - Level 0.2 Fighting
 + Level 4.0 Short Blades
 + Level 2.0 Armour
 + Level 3.5 Dodging
 + Level 6.1 Stealth
 - Level 2.1 Spellcasting
 + Level 4.8 Hexes
 + Level 3.4 Ice Magic


You couldn't memorise any spells.
You knew the following spells:

 Your Spells              Type           Power      Damage    Failure   Level
a - Ensorcelled Hibernat  Hex/Ice        28%        N/A       14%         2
b - Confusing Touch       Hex            16%        N/A       21%         3
c - Tukima's Dance        Hex            16%        N/A       21%         3
d - Dazzling Flash        Conj/Hex       16%        N/A       50%         3

Your spell library contained the following spells:

 Spells                   Type           Power      Damage    Failure   Level
 Lesser Beckoning         Tloc           2%         N/A       61%         2
 Gell's Gravitas          Tloc           1%         N/A       83%         3
 Teleport Other           Tloc           1%         N/A       83%         3
 Dispersal                Tloc           0%         N/A       100%        6


Dungeon Overview and Level Annotations

Branches:
Dungeon (5/15)
 Temple: D:4-7

Altars:
Cheibriados
Elyvilon
Trog
The Shining One

Shops:
D:4 ?:


Innate Abilities, Weirdness & Mutations

You have razor-sharp teeth.
Your natural rate of healing is unusually fast.
When hurt, damage is shared between your health and your magic reserves.
Your bite disrupts and absorbs the magic of your enemies.
Potions cannot restore your health.
You have a pair of small horns on your head.
Your magical capacity is low. (-10% MP)


Message History

No target in view!
f - 4 potions of curing (gained 1)
Found a pair of gloves.
Key pressed, stopping explore.
No target in view!
You see here a +0 pair of gloves.
You see here a +0 spear.
Key pressed, stopping explore.
No target in view!
o - a yellow potion No target in view!
Unknown command.
Search for what [Enter for "el", or ? for help]? glov You see here a +0 pair of gloves.
Okay, then.
As you read the scroll labelled QYJUUZXIME, it crumbles to dust.
It is a scroll of enchant weapon.
Your +0 dagger of speed glows red for a moment.
As you read the scroll labelled COACZIMIPU, it crumbles to dust.
It is a scroll of enchant armour.
Your +3 ring mail of poison resistance glows green for a moment.
As you read the scroll labelled OCVEMALLOS, it crumbles to dust.
It is a scroll of amnesia.
Okay, then.
As you read the scroll labelled QIZUSCH YRRIXOME, it crumbles to dust.
The air around you briefly surges with heat, but it dissipates.
It was a scroll of immolation.
As you read the scroll labelled CETSAVODEE, it crumbles to dust.
A profound silence engulfs you.
It was a scroll of silence.
You start waiting.
Your hearing returns.
You see here a +0 spear.
You now have 262 gold pieces (gained 11).
Found a stone staircase leading up.
As you read the scroll labelled UVUONU SOMOAGO, it crumbles to dust.
You feel strangely unstable.
It was a scroll of teleportation.
As you read the scroll labelled NUGROCK OLOVE, it crumbles to dust.
A wave of despondency washes over your surroundings.
It was a scroll of vulnerability.
Are you sure you want to abandon this character and quit the game? (Confirm with "yes".)

#### ####### #..#
#.....# #..##
#.....# ##..#
##.....# #..##
#......# ######..#
#.<...# ....##..##
#...##
......#..#### ##@.#
............###..##
........###......#
........# #####..#
........# ##.#
........# ###
........# .......##
########


There were no monsters in sight!

Vanquished Creatures
  Menkaure (D:4)
  Duvessa (D:4)
  An ice beast (D:4)
  2 scorpions (D:5)
  Dowan (D:4)
  A howler monkey (D:5)
  A crimson imp (D:5)
  An orc priest (D:4)
  A bombardier beetle (D:4)
  Crazy Yiuf (D:4)
  A hound (D:5)
  Terence (D:3)
  Ijyb (D:4)
  4 iguanas
  4 gnolls
  8 adders
  A ribbon worm (D:2)
  3 dart slugs
  8 orcs
  4 endoplasms
  3 giant cockroaches
  8 goblins
  8 hobgoblins
  11 jackals
  4 kobolds
  5 quokkas
  6 ball pythons
  4 bats
  A frilled lizard (D:2)
  3 rats
99 creatures vanquished.

Notes
Turn   | Place    | Note
-------+----------+-------------------------------------------
     0 | D:1      | zenocrate the Vine Stalker Enchanter began the quest for
                  | the Orb.
     0 | D:1      | Reached XP level 1. HP: 9/9 MP: 4/4
   115 | D:1      | Reached skill level 1 in Short Blades
   151 | D:1      | Reached XP level 2. HP: 10/13 MP: 3/6
   162 | D:1      | Learned a level 2 spell: Ensorcelled Hibernation
   475 | D:1      | Reached skill level 4 in Stealth
   629 | D:1      | Reached XP level 3. HP: 16/16 MP: 7/7
   644 | D:1      | Learned a level 3 spell: Confusing Touch
  1054 | D:2      | Found a faded altar of an unknown god.
  1135 | D:2      | Reached skill level 1 in Ice Magic
  1135 | D:2      | Reached XP level 4. HP: 13/21 MP: 3/8
  1915 | D:3      | Noticed Terence
  1922 | D:3      | Killed Terence
  1923 | D:3      | Reached XP level 5. HP: 24/24 MP: 6/9
  2189 | D:3      | Found a glowing golden altar of the Shining One.
  2407 | D:3      | Learned a level 3 spell: Tukima's Dance
  2436 | D:4      | Noticed Menkaure
  2456 | D:4      | Killed Menkaure
  2457 | D:4      | Reached XP level 6. HP: 22/28 MP: 10/10
  2669 | D:4      | Noticed Duvessa
  2699 | D:4      | Noticed Dowan
  2707 | D:4      | Killed Duvessa
  2708 | D:4      | Reached skill level 5 in Stealth
  2711 | D:4      | HP: 1/28 [Dowan/shard of ice (8)]
  2714 | D:4      | Killed Dowan
  2715 | D:4      | Reached XP level 7. HP: 3/32 MP: 2/11
  2719 | D:4      | Found a snail-covered altar of Cheibriados.
  2873 | D:4      | Reached skill level 1 in Armour
  2920 | D:4      | Found Ymiost's Magic Scroll Boutique.
  3158 | D:4      | Noticed Ijyb
  3176 | D:4      | Killed Ijyb
  3186 | D:4      | Found Xeaneonem's Vocational Training.
  3307 | D:4      | Identified the +4 quarterstaff of Boroczyss {drain, rElec
                  | rPois rF- Int+5}
  3585 | D:4      | Found a runed translucent door.
  3586 | D:4      | Noticed Crazy Yiuf
  3595 | D:4      | Killed Crazy Yiuf
  3627 | D:4      | Gained mutation: Your muscles are strong. (Str +4, Int/Dex
                  | -1) [potion of mutation]
  3628 | D:4      | Lost mutation: Your muscles are strong. (Str +4, Int/Dex
                  | -1) [potion of mutation]
  3628 | D:4      | Gained mutation: Your magical capacity is low. (-10% MP)
                  | [potion of mutation]
  3628 | D:4      | Gained mutation: You have a pair of small horns on your
                  | head. [potion of mutation]
  3675 | D:5      | Entered Level 5 of the Dungeon
  3821 | D:5      | Found a bloodstained altar of Trog.
  3845 | D:5      | Found a white marble altar of Elyvilon.
  3849 | D:5      | Gained mutation: You have razor-sharp teeth. [Vine Stalker
                  | growth]
  3849 | D:5      | Reached XP level 8. HP: 36/36 MP: 8/11
  3853 | D:5      | Learned a level 3 spell: Dazzling Flash
  3909 | D:5      | Reached skill level 6 in Stealth
  4284 | D:5      | Quit the game

Illustrated notes

Levels and vault maps discovered:
D:1:      nzn_arrival_depleted_hourglass, layout_loops_corners
D:2:      layout_basic, shapermc_ecumenical_altar_gd, minmay_tetromino_t2
D:3:      layout_loops_ring, tso_altar, uniq_terence
D:4:      layout_loops_cross, cheibriados_altar_1, serial_shops,
          nicolae_shop_stone, nicolae_shop_vocational, uniq_duvessa,
          uniq_crazy_yiuf_cottage, uniq_ijyb, uniq_menkaure
D:5:      layout_cave_pods, grunt_temple_overflow_open, minmay_fire_ice_demons

Skill      XL: |  1  2  3  4  5  6  7  8 |
---------------+-------------------------+-----
Short Blades   | 1 2 3 4 |  4.0
Stealth        | 4 5 6 |  6.1
Dodging        | 2 3 |  3.5
Ice Magic      | 1 2 3 |  3.4
Hexes          | 4 |  4.8
Armour         | 1 2 |  2.0
Fighting       | |  0.2
Spellcasting   | |  2.1

Action                     |  1- 3 |  4- 6 |  7- 9 || total
---------------------------+-------+-------+-------++-------
  Melee: Dagger            |   121 |   142 |   131 ||   394
         Bite              |    32 |    49 |    40 ||   121
         Punch             |       |     1 |     5 ||     6
         Headbutt          |       |       |    19 ||    19
   Cast: Ensorcelled Hiber |     1 |    21 |    18 ||    40
         Confusing Touch   |       |     3 |     1 ||     4
    Use: Scroll            |     4 |       |    11 ||    15
         Potion            |       |     1 |     2 ||     3
   Stab: Sleeping          |    15 |    12 |    16 ||    43
         Invisible         |       |     3 |       ||     3
         Confused          |       |     1 |     1 ||     2
 Armour: Robe              |    53 |    53 |    16 ||   122
         Ring mail         |       |       |    27 ||    27
  Dodge: Dodged            |    46 |    97 |    37 ||   180

Table legend: (Time is in decaauts)
 A = Elapsed time spent in this place.
 B = Non-inter-level travel time spent in this place.
 C = Inter-level travel time spent in this place.
 D = Time resting spent in this place.
 E = Time spent auto-exploring this place.
 F = Levels seen in this place.
 G = Mean time per level.
                   A        B        C        D        E       F      G
               +--------+--------+--------+--------+--------+-----+--------+
         Total |   4137 |   3960 |    177 |     36 |   3108 |   5 |  827.4 |
       Dungeon |   4137 |   3960 |    177 |     36 |   3108 |   5 |  827.4 |
               +--------+--------+--------+--------+--------+-----+--------+

Top non-repeatable levels by time:
     D:4: 1092 daAuts
     D:1: 879 daAuts
     D:2: 826 daAuts
     D:3: 755 daAuts
     D:5: 583 daAuts
